 Dungeon Crawl Stone Soup version 0.27-a0-341-g40fdf68bc5 (webtiles) character file.

Game seed: 17472245969409702995

109 Astera the Skirmisher (level 4, -7/40 HPs)
             Began as a Palentonga Fighter on Feb 14, 2021.
             Killed by nerve-wracking pain
             ... invoked by Grinder
              (9 damage)
             ... while paralysed by Grinder
             ... on level 3 of the Dungeon.
             The game lasted 00:03:56 (2721 turns).

Astera the Skirmisher (Palentonga Fighter)          Turns: 2721, Time: 00:03:57

Health: -7/40      AC:  6    Str: 20    XL:     4   Next: 59%
Magic:  4/4        EV:  1    Int:  9    God:
Gold:   112        SH:  0    Dex:  9    Spells: 3/3 levels left

rFire    . . .     SeeInvis +   a - +1 war axe
rCold    . . .     Faith    .   c - +0 kite shield
rNeg     . . .     Spirit   .   b - +0 scale mail
rPois    .         Reflect  .   (no helmet)
rElec    .         Harm     .   (no cloak)
rCorr    .         Rampage  .   (no gloves)
Will     .....                  (no barding)
Stlth    ..........             (no amulet)
HPRegen  0.13/turn              (no ring)
MPRegen  0.09/turn              (no ring)

@: paralysed
A: large, rugged brown scales 3, see invisible, deformed body, roll 1, armoured
tail
a: Rolling Charge


You were on level 3 of the Dungeon.
You visited 1 branch of the dungeon, and saw 3 of its levels.

You collected 112 gold pieces.

Inventory:

Hand Weapons
 a - a +1 war axe (weapon)
Armour
 b - a +0 scale mail (worn)
 c - a +0 kite shield (worn)
Jewellery
 h - a +6 ring of strength {unknown}
Scrolls
 f - a scroll of random uselessness {unknown}
 g - 2 scrolls of teleportation {unknown}
Potions
 d - 2 potions of might
 e - 2 potions of curing {unknown}
 i - a potion of haste {unknown}
 j - a potion of resistance
 k - a potion of degeneration {unknown}


   Skills:
 + Level 3.3 Fighting
 + Level 3.3 Axes
 + Level 3.1 Armour
 + Level 0.6 Dodging
 + Level 2.7 Shields


You had 3 spell levels left.
You didn't know any spells.
Your spell library was empty.

Dungeon Overview and Level Annotations

Branches:
Dungeon (3/15)

Altars:
Fedhas
Xom
Zin

Annotations:
D:3 Grinder


Innate Abilities, Weirdness & Mutations

You are completely covered in rugged brown scales. (AC +3, +7% HP)
You have supernaturally acute eyesight. (SInv)
Armour fits poorly on your strangely shaped body.
You can roll at nearby foes to attack.
You have a long armoured tail.


Message History

Grinder is heavily wounded.
Grinder barely misses you.
You barely miss Grinder.
Grinder is heavily wounded.
You block Grinder's attack. Grinder gestures at you.
You suddenly lose the ability to move!
Grinder gestures at you.
You shrug off the repeated paralysis!
Grinder hits you.
You writhe in agony.
* * * LOW HITPOINT WARNING * * *
Grinder hits you but does no damage.
You can move again.
As you read the scroll of fog, it crumbles to dust.
The scroll dissolves into smoke.
You block Grinder's attack. Grinder gestures at you.
You resist with significant effort. Grinder gestures at you.
You suddenly lose the ability to move!
You can move again.
Grinder gestures at you.
You shrug off the repeated paralysis!
Grinder blinks!
There is an open door here.
Which direction?
You close the door.
There is an open door here.
You close the door.
You open the door.
You close the door.
Grinder opens the door.
Grinder gestures at you.
You suddenly lose the ability to move!
Grinder says, "FISH!"
Grinder gestures at you. Pain shoots through your body!
* * * LOW HITPOINT WARNING * * *
Grinder gestures at you. Pain shoots through your body!
You die...

###### ###.........#
#..#####..# #..#...#..####
#._#...#_....# #######
#..#.A.#.....# #.....#
#..#####.....# ######## #.....#
#............#
#......###.....####...........#
.......'.'.5....@..'..........#
#5.....###..).....##.....##.###
#......# ####.....##.....##.#
#......# #.....##.....##.#
######## #.....##.....##.#
#.....##...>.##.#
#.....#####.###.# #######
#.###.##### #.#........


You could see Grinder.

Vanquished Creatures
  3 adders
  3 gnolls (D:3)
  An ooze (D:3)
  A worm (D:2)
  A leopard gecko (D:3)
  A giant cockroach (D:1)
  6 goblins
  4 hobgoblins
  3 jackals (D:3)
  3 kobolds
  2 quokkas (D:2)
  2 ball pythons
  7 bats
  4 frilled lizards
  8 rats
49 creatures vanquished.

Notes
Turn   | Place    | Note
-------+----------+-------------------------------------------
     0 | D:1      | Astera the Palentonga Fighter began the quest for the Orb.
     0 | D:1      | Reached XP level 1. HP: 20/20 MP: 1/1
   178 | D:1      | Reached XP level 2. HP: 27/27 MP: 2/2
  1406 | D:2      | Reached XP level 3. HP: 24/33 MP: 3/3
  2075 | D:2      | Found a blossoming altar of Fedhas.
  2288 | D:3      | Reached XP level 4. HP: 31/38 MP: 4/4
  2554 | D:3      | Noticed an angel
  2559 | D:3      | Found a glowing silver altar of Zin.
  2559 | D:3      | Found a shimmering altar of Xom.
  2669 | D:3      | Noticed Grinder
  2681 | D:3      | Paralysed by Grinder for 4 turns
  2690 | D:3      | Paralysed by Grinder for 2 turns
  2718 | D:3      | Paralysed by Grinder for 7 turns
  2720 | D:3      | HP: 2/40 [Grinder/nerve-wracking pain (14)]
  2721 | D:3      | Killed from afar by Grinder

Illustrated notes

Levels and vault maps discovered:
D:1:      sevenhm_arrival_forest_fort_large_4, layout_loops_corners
D:2:      layout_loops_corners, nrook_campfire, fedhas_altar_2
D:3:      layout_basic, grunt_temple_overflow_order_and_chaos_1,
          kennysheep_pointless_box, minmay_increasing_density, uniq_grinder

Skill      XL: |  1  2  3 |
---------------+----------+-----
Armour         | 3 |  3.1
Axes           | 3 |  3.3
Fighting       | |  3.3
Dodging        | |  0.6
Shields        | |  2.7

Action                   |  1- 3 |  4- 6 || total
-------------------------+-------+-------++-------
Melee: War axe           |   101 |    27 ||   128
       Tailslap          |     7 |     2 ||     9
 Abil: Rolling Charge    |     8 |       ||     8
  Use: Scroll            |     5 |     1 ||     6
Armor: Scale mail        |    57 |    19 ||    76
Dodge: Dodged            |    26 |     5 ||    31
Block: Kite shield       |    42 |    17 ||    59

Table legend: (Time is in decaauts)
 A = Elapsed time spent in this place.
 B = Non-inter-level travel time spent in this place.
 C = Inter-level travel time spent in this place.
 D = Time resting spent in this place.
 E = Time spent auto-exploring this place.
 F = Levels seen in this place.
 G = Mean time per level.
                   A        B        C        D        E       F      G
               +--------+--------+--------+--------+--------+-----+--------+
         Total |   2796 |   2719 |     77 |      0 |   2328 |   3 |  932.0 |
       Dungeon |   2796 |   2719 |     77 |      0 |   2328 |   3 |  932.0 |
               +--------+--------+--------+--------+--------+-----+--------+

Top non-repeatable levels by time:
     D:1: 1163 daAuts
     D:2: 1140 daAuts
     D:3: 492 daAuts
